AoeStats
← maize

Runestones

507475464Analyzed
1v1 RM · 13d ago on Sep 18, 2026· 42m 53s· 2 players
Game mode
Random Map
Map size
Tiny (2 player)
Population
200
Speed
Normal
Resources
Standard
Victory
Conquest
Starting age
Dark Age
Ending age
Imperial Age
RankedLock teamsTeams togetherTeam positionsShared explorationLock speedFull tech treeHidden civsTurbo modeCheats
Victory
Defeat
🇺🇸 Burmese · United States
1044
+15
🇷🇺 Malians · Russia
1017
-15
heimdallr
11:11 Feudal Age
13:37 Horse Collar
13:44 Double-Bit Axe
16:00 Loom
18:39 Stone Mining
23:04 Castle Age
24:28 Pikeman
26:24 Squires
26:10 Arson
32:45 Forging
33:52 Wheelbarrow
33:23 Scale Mail Armor
maize
7:21 Loom
9:51 Feudal Age
10:37 Horse Collar
14:54 Wheelbarrow
21:52 Castle Age
20:43 Fletching
21:50 Forging
22:28 Bloodlines
22:31 Bodkin Arrow
23:39 Scale Barding Armor
24:59 Iron Casting
25:33 Chain Barding Armor
26:52 Padded Archer Armor
26:42 Elite Skirmisher
29:55 Heavy Plow
32:17 Gold Mining
35:51 Imperial Age
34:19 Husbandry
36:11 Cavalier
37:28 Plate Barding Armor
37:54 Blast Furnace
37:54 Conscription
40:07 Bracer
41:13 Chemistry
42:58 Masonry
Connection lost

Rejoining the realm…

Still unreachable

The connection could not be restored.

Session expired

The server has moved on; the page needs a fresh start.